 Dungeon Crawl Stone Soup version 0.18.1-2-ga659475 (webtiles) character file.

163 HungrySpirit the Cutter (level 5, 0/38 HPs)
             Began as a Formicid Ice Elementalist on May 8, 2016.
             Was a Priest of Jiyva.
             Succumbed to a worker ant's poison
             ... on level 4 of the Dungeon.
             The game lasted 00:05:20 (3999 turns).

HungrySpirit the Cutter (Formicid Ice Elementalist) Turns: 3999, Time: 00:05:21

Health: 0/38       AC:  5    Str: 13 (16) XL:     5   Next: 72%
Magic:  7/8        EV: 10    Int: 12 (13) God:    Jiyva [***...]
Gold:   145        SH:  0    Dex: 10 (12) Spells: 1 memorised, 7 levels left

rFire  . . .     SeeInvis +     a - +1 dagger (speed)
rCold  . . .     Gourm    .     k - +0 ring mail
rNeg   . . .     Faith    .     (no shield)
rPois  .         Spirit   .     (helmet unavailable)
rElec  .         Dismiss  .     (no cloak)
rCorr  +         Reflect  .     (no gloves)
SustAt .         Harm     .     (no boots)
MR     .....                    (no amulet)
Stlth  ++........               i - ring of stealth
                                (no ring)

@: lethally poisoned (0 -> -10), not resistant to hostile enchantments,
unstealthy
A: permanent stasis, dig shafts and tunnels, four strong arms, antennae 3,
strong 1
a: Dig, Shaft Self, Request Jelly, Jelly Paralyse, Renounce Religion


You were on level 4 of the Dungeon.
You worshipped Jiyva.
Jiyva was most pleased with you.
You were very hungry.

You visited 1 branch of the dungeon, and saw 5 of its levels.

You collected 145 gold pieces.

Inventory:

Hand Weapons
 a - a +1 dagger of speed (weapon)
Armour
 e - a +0 helmet
 k - a +0 ring mail (worn)
Jewellery
 i - a ring of stealth (right hand)
Scrolls
 l - a scroll of amnesia
Potions
 g - a potion of cancellation
Books
 b - a book of Frost

   Spells                             Type                      Level
   a - Freeze                         Ice                          1
   b - Throw Frost                    Conjuration/Ice              2
   c - Ozocubu's Armour               Charms/Ice                   3
   d - Throw Icicle                   Conjuration/Ice              4
   e - Summon Ice Beast               Ice/Summoning                4
Comestibles
 c - a bread ration
 f - 2 fruits


   Skills:
 - Level 2.0 Fighting
 * Level 3.5 Short Blades
   Level 2.4 Maces & Flails
 - Level 1.7 Dodging
 - Level 2.4 Stealth
 - Level 2.1 Spellcasting
   Level 0.8 Conjurations
 - Level 3.0 Ice Magic


You had 7 spell levels left.
You knew the following spells:

 Your Spells              Type           Power        Failure   Level  Hunger
a - Freeze                Ice            #...         17%         1    ##.....


Dungeon Overview and Level Annotations

Branches:
Dungeon (5/15)
 Temple: D:4-7

Altars:
Dithmenos
Kikubaaqudgha
Nemelex Xobeh
Ru
The Shining One
Jiyva


Innate Abilities, Weirdness & Mutations

You are under a permanent stasis effect.
You can dig through walls and to a lower floor.
Your four strong arms can wield two-handed weapons with a shield.
You have a pair of large antennae on your head (SInv).
Your muscles are strong. (Str +2)


Message History

Read which item? (? for menu, Esc to quit)
As you read the scroll labeled AFRACA GEIS, it crumbles to dust.
It is a scroll of identify.
Identify which item? (\ to view known items) (? for menu, Esc to quit)
e - a +0 helmet
* * * LOW HITPOINT WARNING * * *
You feel sick. The worker ant bites you.
* * * LOW HITPOINT WARNING * * *
* * * LOW HITPOINT WARNING * * *
You feel sick.
* * * LOW HITPOINT WARNING * * *
You feel sick. The worker ant barely misses you.
Unknown command.
* * * LOW HITPOINT WARNING * * *
You feel sick.
You hear a distant slurping noise.
You are feeling very hungry.
You feel a little less hungry.
Unknown command.
You die...

######.....# ....
#####.J....#.#.# #..#
##....>######.#.# ..# #..#####
#.#.##.# #.###########.#.#..#
######## #..a.......##.#{..#
##...##..
##...........#.##..####...>....
..................a..##..........
##<.........⌠...@....##..........
#.##.....#....≈≈≈...##..........
#. #####.##..≈≈≈≈≈..#..#........
.. #.##...≈≈≈...........##<. ..
..#..≈≈≈≈≈..#...######### #
..#.≈[..≈...#..##
#..#._.....⌠.#..###
#..#....##...#..#.#
########..#..s##


You could see a worker ant.

Vanquished Creatures
  A centaur skeleton (D:4)
  2 gnolls
  7 adders
  2 dart slugs
  A giant gecko (D:1)
  An orc (D:3)
  3 giant cockroaches
  2 goblins
  8 hobgoblins
  5 kobolds
  A ball python (D:1)
  6 bats
  4 giant newts
  5 rats
48 creatures vanquished.

Vanquished Creatures (others)
  A jelly (D:3)
  An orc wizard (D:3)
  Ijyb (D:3)
  6 gnolls
  A dart slug (D:2)
  2 orcs (D:3)
  2 bats (D:3)
  2 giant cockroaches (D:2)
  2 hobgoblins
  A ball python (D:3)
  5 goblins (D:3)
  A kobold (D:2)
  3 rats (D:3)
28 creatures vanquished.

Grand Total: 76 creatures vanquished

Notes
Turn   | Place    | Note
--------------------------------------------------------------
     0 | D:1      | HungrySpirit the Formicid Ice Elementalist began the quest for the Orb.
     0 | D:1      | Reached XP level 1. HP: 13/13 MP: 3/3
    98 | D:1      | Reached skill level 1 in Fighting
   200 | D:1      | Reached XP level 2. HP: 15/21 MP: 0/5
  1026 | D:1      | Reached skill level 1 in Maces & Flails
  1299 | D:1      | Reached XP level 3. HP: 26/27 MP: 6/6
  1726 | D:2      | Found a shadowy altar of Dithmenos.
  1841 | D:2      | Found a faded altar to an unknown god.
  1847 | D:2      | Reached XP level 4. HP: 26/33 MP: 4/7
  1860 | D:2      | Became a worshipper of Jiyva Jiheqen the Shapeless
  1860 | D:2      | Reached * piety under Jiyva
  2045 | D:2      | Reached skill level 1 in Short Blades
  2130 | D:2      | Found a sparkling altar of Nemelex Xobeh.
  2131 | D:2      | Reached ** piety under Jiyva
  2613 | D:3      | Found a sacrificial altar of Ru.
  2633 | D:3      | Reached *** piety under Jiyva
  2748 | D:3      | Reached XP level 5. HP: 34/38 MP: 8/8
  3182 | D:3      | Gained mutation: Your muscles are strong. (Str +2) [Jiyva's grace]
  3445 | D:3      | Killed Ijyb
  3489 | D:3      | Found a glowing golden altar of the Shining One.
  3713 | D:4      | You fall through a shaft!
  3713 | D:5      | Entered Level 5 of the Dungeon
  3952 | D:4      | Found an ancient bone altar of Kikubaaqudgha.
  3998 | D:4      | HP: 1/38 [poisoned by a worker ant]
  3999 | D:4      | Succumbed to a worker ant's poison

Skill      XL: |  1  2  3  4  5 |
---------------+----------------+-----
Fighting       | 1 2 |  2.0
Maces & Flails | 1 2 |  2.4
Short Blades   | 2 3 |  3.5
Dodging        | |  1.7
Stealth        | |  2.4
Spellcasting   | |  2.1
Conjurations   | |  0.8
Ice Magic      | |  3.0

Action                   |  1- 3 |  4- 6 || total
-------------------------+-------+-------++-------
Melee: Whip              |     7 |       ||     7
       Unarmed           |    16 |       ||    16
       Club              |    67 |     2 ||    69
       Dagger            |       |   148 ||   148
 Cast: Freeze            |    11 |     1 ||    12
Invok: Request Jelly     |       |     1 ||     1
 Abil: Dig               |       |     1 ||     1
       Shaft Self        |       |     1 ||     1
  Use: Scroll            |     2 |     3 ||     5
       Potion            |       |     4 ||     4
 Stab: Sleeping          |     5 |     1 ||     6
       Paralysed         |       |     1 ||     1
  Eat: Chunk             |     3 |     2 ||     5
Armor: Robe              |    19 |       ||    19
       Ring mail         |       |    35 ||    35
Dodge: Dodged            |    75 |    64 ||   139
